 Dungeon Crawl Stone Soup version 0.28-a0-474-g535839065c (webtiles) character file.

Game seed: 14801590452763611339

5 spiderkeys the Skirmisher (level 1, -2/16 HPs)
             Began as an Octopode Abyssal Knight on Sept 15, 2021.
             Was a Follower of Lugonu.
             Engulfed by a smoke demon's steam (8 damage)
             ... on level 2 of the Abyss.
             The game lasted 00:00:44 (607 turns).

spiderkeys the Skirmisher (Octopode Abyssal Knight)  Turns: 607, Time: 00:00:45

Health: -2/16      AC:  1    Str: 11    XL:     1   Next: 80%
Magic:  2/2        EV: 13    Int: 14    God:    Lugonu [*.....]
Gold:   86         SH:  0    Dex: 11    Spells: 0/0 levels left

rFire   . . .      SeeInvis .   a - +1 spear
rCold   . . .      Faith    .   (no shield)
rNeg    . . .      Spirit   .   (helmet restricted)
rPois   .          Reflect  .   (no amulet)
rElec   .          Harm     .   (no ring)
rCorr   .          Rampage  .   (no ring)
Will    .....                   (no ring)
Stlth   +++.......              (no ring)
HPRegen 0.05/turn               (no ring)
MPRegen 0.08/turn               (no ring)
                                (no ring)
                                (no ring)

@: no status effects
A: almost no armour, amphibious, 8 rings, camouflage 1, gelatinous body 1,
nimble swimmer 1, tentacles
a: Renounce Religion, Depart the Abyss


You were on level 2 of the Abyss.
You worshipped Lugonu.
Lugonu was aware of your devotion.
You visited 0 branches of the dungeon, and saw 0 of its levels.
You visited the Abyss 1 time.

You collected 86 gold pieces.


Innate Abilities, Weirdness & Mutations

You cannot wear most types of armour.
You are amphibious.
You can wear up to eight rings at the same time.
Your skin changes colour to match your surroundings (Stealth+).
Your rubbery body absorbs attacks. (AC +1, EV +1)
You are camouflaged near water. (Stealth+)
You have tentacles for arms and can constrict up to eight enemies at once.


   Skills:
 + Level 3.1 Fighting
 + Level 2.1 Polearms
 + Level 2.4 Dodging
 + Level 2.1 Invocations


You couldn't memorise any spells.
You didn't know any spells.
Your spell library was empty.

Inventory:

Hand Weapons
 a - a +1 spear (weapon)
Scrolls
 c - a scroll of identify {unknown}
Potions
 b - a potion of heal wounds {unknown}

Dungeon Overview and Level Annotations

Branches:
Dungeon (0/15)

Altars:

≈≈#.#...# .#.
≈≈≈≈≈≈..## #..#
≈♣≈≈≈≈≈≈≈##..#
#≈≈≈≈≈.≈≈≈..##
≈≈≈≈≈≈.≈≈≈.#X#.
≈≈≈≈≈≈≈≈≈≈#....
≈≈≈≈≈≈≈§.......
#.#@§≈≈≈≈###
#.#§§≈≈≈≈.≈≈
##§≈§≈≈≈≈≈≈≈
#.§§≈≈≈≈≈≈≈ ≈≈
######3§..≈≈≈♣ ≈≈≈
#..#.§§#.#≈..≈
≈≈≈≈ #..#....##..#
≈≈≈≈####.###..##..
≈≈≈≈§3≈≈≈§≈≈≈## ..


You could see a large abomination (wandering).


Message History

🤖 Initializing magus.rc ...
Options error: Delay interrupt name "hungry" not recognised. (~/.crawlrc:4988) ✅ Successfully initialized magus.rc [v1.9.10] Welcome, spiderkeys the Octopode Abyssal Knight.
Will you prevail where others failed? Will you find the Orb of Zot?
Lugonu says: Depart the Abyss and spread corruption, my servant! (use the ability menu to exit the Abyss) Press ? for a list of commands and other information.
Found a corrupted altar of Lugonu.
You now have 7 gold pieces.
You are suddenly pulled into a different region of the Abyss!
You see here a +0 hand axe.
You are suddenly pulled into a different region of the Abyss!
You are suddenly pulled into a different region of the Abyss!
You are suddenly pulled into a different region of the Abyss!
You now have 16 gold pieces (gained 9).
You now have 28 gold pieces (gained 12).
b - a metallic emerald potion Unknown command.
Unknown command.
Found a gateway leading deeper into the Abyss.
There is a gateway leading deeper into the Abyss here.
You plunge deeper into the Abyss.
You now have 40 gold pieces (gained 12).
You now have 73 gold pieces (gained 33).
A raiju comes into view.
A raiju comes into view.
An ufetubus comes into view.
The ufetubus barely misses you. The ufetubus hits you. 😕 HP[-2]
You take 2 damage, and now have 14/16 hp.
You see here a scroll labelled ASYUDE CIESTA.
c - a scroll labelled ASYUDE CIESTA The ufetubus closely misses you.
The ufetubus misses you. The ufetubus closely misses you.
The ufetubus hits you. 😮 HP[-3]
You take 3 damage, and now have 11/16 hp.
You barely miss the ufetubus. You grab the ufetubus.
You constrict the ufetubus. The ufetubus closely misses you.
The ufetubus misses you. The ufetubus closely misses you.
The ufetubus hits you.
* * * LOW HITPOINT WARNING * * *
😨 HP[-3]
You take 3 damage, and now have 8/16 hp.
You hit the ufetubus. You constrict the ufetubus.
The ufetubus barely misses you. x2
You hit the ufetubus. You squeeze the ufetubus.
You kill the ufetubus!
A lurking horror comes into view. 😮 HP[+1]
You now have 86 gold pieces (gained 13).
A small abomination comes into view. 😮 HP[+1]
A smoke demon comes into view.
The smoke demon roars!
The smoke demon gestures at you. The ball of steam misses you. 😮 HP[+1]
A large abomination comes into view.
The smoke demon gestures at you. The ball of steam misses you.
You are engulfed in a cloud of scalding steam.
* * * LOW HITPOINT WARNING * * *
😨 HP[-5]
You take 5 damage, and now have 6/16 hp.
MASSIVE DAMAGE!! (PAUSE)
You are engulfed in a cloud of scalding steam.
Ouch! That really hurt!
You die...

Action                   || total
-------------------------++-------
Melee: Spear             ||     3
       Constrict         ||     1
       Tentacles         ||     1
Dodge: Dodged            ||    11

Levels and vault maps discovered:
Abyss:2:  base: Temple, bh_silent_lugonu_exit

Notes
Turn   | Place    | Note
-------+----------+-------------------------------------------
     0 | Abyss:1  | spiderkeys the Octopode Abyssal Knight began the quest for
                  | the Orb.
     0 | Abyss:1  | Reached XP level 1. HP: 16/16 MP: 2/2
     0 | Abyss:1  | magus.rc [v1.9.10]
   526 | Abyss:2  | Noticed a raiju
   528 | Abyss:2  | Noticed a raiju
   578 | Abyss:2  | Noticed a large abomination
   580 | Abyss:2  | Noticed a small abomination
   593 | Abyss:2  | Noticed a smoke demon
   604 | Abyss:2  | Noticed a large abomination
   607 | Abyss:2  | Engulfed by a smoke demon's steam

Vanquished Creatures
  An ufetubus (Abyss:2)
1 creature vanquished.

Table legend:
 A = Non-vault XP
 B = Vault XP
 C = Vault XP percentage of total XP
 D = Non-vault monster count
 E = Vault monster count
 F = Vault count percentage of total count
                 A         B        C        D         E       F
            +---------+---------+-------+---------+---------+-------
      Total |       8 |       0 |   0.0 |       1 |       0 |   0.0
            +---------+---------+-------+---------+---------+-------
    Abyss:2 |       8 |       0 |   0.0 |       1 |       0 |   0.0
            +---------+---------+-------+---------+---------+-------

Illustrated notes

Table legend:
 A = Kills in this place as a percentage of kills in entire the game.
 B = Kills by you in this place as a percentage of kills by you in the entire game.
 C = Kills by friends in this place as a percentage of kills by friends in the entire game.
 D = Other kills in this place as a percentage of other kills in the entire game.
 E = Experience gained in this place as a percentage of experience gained in the entire game.
 F = Experience gained in this place divided by the number of levels of this place that you have seen.
                   A       B       C       D       E      F
               +-------+-------+-------+-------+-------+----------------------
         Total | 100.0 | 100.0 |   N/A |   N/A | 100.0 |   4.0
         Abyss | 100.0 | 100.0 |   N/A |   N/A | 100.0 |   4.0
               +-------+-------+-------+-------+-------+----------------------

Table legend: (Time is in decaauts)
 A = Elapsed time spent in this place.
 B = Non-inter-level travel time spent in this place.
 C = Inter-level travel time spent in this place.
 D = Time resting spent in this place.
 E = Time spent auto-exploring this place.
 F = Levels seen in this place.
 G = Mean time per level.
                   A        B        C        D        E       F      G
               +--------+--------+--------+--------+--------+-----+--------+
         Total |    606 |    606 |      0 |      0 |    516 |   2 |  303.0 |
         Abyss |    606 |    606 |      0 |      0 |    516 |   2 |  303.0 |
               +--------+--------+--------+--------+--------+-----+--------+

Top non-repeatable levels by time:
 Abyss:1: 488 daAuts
 Abyss:2: 118 daAuts
